 Dungeon Crawl Stone Soup version 0.18.1-6-gd335043 (webtiles) character file.

133 Implojin the Insei (level 4, -3/35 HPs)
             Began as a Mummy Monk on May 21, 2016.
             Slain by a gnoll
             ... wielding a +0 spear
              (4 damage)
             ... on level 3 of the Dungeon.
             The game lasted 00:08:18 (3455 turns).

Implojin the Insei (Mummy Monk)                     Turns: 3455, Time: 00:08:19

Health: -3/35      AC:  2    Str: 14    XL:     4   Next: 93%
Magic:  4/4        EV: 13    Int:  9    God:
Gold:   93         SH:  0    Dex: 18    Spells: 0 memorised, 3 levels left

rFire  x . .     SeeInvis .       - Unarmed
rCold  + . .     Gourm    .     (no armour)
rNeg   + + +     Faith    .     (no shield)
rPois  ∞         Spirit   .     (no helmet)
rElec  .         Dismiss  .     (no cloak)
rCorr  .         Reflect  .     e - +0 pair of gloves
SustAt .         Harm     .     a - +0 pair of boots (curse)
MR     .....                    (no amulet)
Stlth  ++........               (no ring)
                                k - +3 ring of dexterity

@: not resistant to hostile enchantments, unstealthy
A: no food or potions, fire vulnerability, cold resistance 1, negative energy
resistance 3, torment resistance, unbreathing
a: no special abilities


You were on level 3 of the Dungeon.
You were not hungry.

You visited 1 branch of the dungeon, and saw 4 of its levels.

You collected 93 gold pieces.

Inventory:

Armour
 a - a cursed +0 pair of boots (worn)
 e - a +0 pair of gloves (worn)
Jewellery
 b - an uncursed amulet of magic regeneration {unknown}
 k - a +3 ring of dexterity (left hand)
Wands
 m - a wand of polymorph (9/24)
Scrolls
 c - 2 scrolls of teleportation
 d - a scroll of random uselessness {unknown}
 g - 2 scrolls of identify {unknown}
 h - a scroll of fear {unknown}
 i - a scroll of enchant armour {unknown}
 j - a scroll of blinking {unknown}
 l - a scroll of remove curse {unknown}
 n - a scroll of enchant weapon {unknown}
 o - a scroll of amnesia {unknown}
 p - a scroll of magic mapping {unknown}
 q - a scroll of recharging {unknown}
Comestibles
 f - 3 bread rations


   Skills:
 - Level 3.0 Fighting
 - Level 2.4 Dodging
 - Level 1.5 Stealth
 * Level 5.2 Unarmed Combat


You had 3 spell levels left.
You didn't know any spells.

Dungeon Overview and Level Annotations

Branches:
Dungeon (4/15)
 Temple: D:4-7

Altars:
Xom


Innate Abilities, Weirdness & Mutations

You do not eat or drink.
Your flesh is vulnerable to fire.
You are immune to poison.
Your flesh is cold resistant.
You are immune to negative energy.
You are immune to unholy pain and torment.
You can survive without breathing.


Message History

* * * LOW HITPOINT WARNING * * *
Things that are here:
a leather armour; a hand axe; an orc skeleton
Things that are here:
a leather armour; a mace The gnoll closely misses you.
You see here a goblin skeleton.
There is a stone staircase leading up here.
The gnoll hits you but does no damage.
You climb upwards.
There is a stone staircase leading down here.
Unknown command.
Unknown command.
You start resting.
HP restored.
You climb downwards.
The gnoll barely misses you.
There is a stone staircase leading up here.
Unknown command.
Unknown command.
You hit the gnoll.
The gnoll is lightly wounded.
The gnoll hits you with a spear!
You closely miss the gnoll.
The gnoll is lightly wounded.
The gnoll hits you with a spear.
You hit the gnoll.
The gnoll is heavily wounded.
The gnoll hits you with a spear!
* * * LOW HITPOINT WARNING * * *
The gnoll hits you from afar with a spear.
* * * LOW HITPOINT WARNING * * *
The gnoll closely misses you. The gnoll hits you with a spear.
* * * LOW HITPOINT WARNING * * *
The gnoll hits you with a spear!
* * * LOW HITPOINT WARNING * * *
Read which item? (? for menu, Esc to quit)
Okay, then.
The gnoll hits you from afar with a spear.
You die...

######## ##..)...### #####
##........## #(..#######
.#....<....##### #.#.##....#
)..<#####......######.#.##....#
.....#######.gg.@[............#
..#....############...........#
###.(.......# #...#.##....#
###..g......# #....#.##....#
..#...(.....# ......#.##[...#
............# ##.#......###...#
............##........... ..###
......................... ..#
..........g.......[>.o.. ...#


You could see 2 gnolls.

Vanquished Creatures
  Jessica (D:2)
  A gnoll (D:2)
  2 adders
  2 oozes
  2 worms (D:2)
  A dart slug (D:1)
  A giant gecko (D:2)
  4 orcs (D:3)
  6 bats
  4 giant cockroaches
  8 goblins
  8 hobgoblins
  7 kobolds
  A quokka (D:3)
  3 giant newts (D:1)
  A quokka skeleton (D:3)
  5 rats
57 creatures vanquished.

Notes
Turn   | Place    | Note
--------------------------------------------------------------
     0 | D:1      | Implojin the Mummy Monk began the quest for the Orb.
     0 | D:1      | Reached XP level 1. HP: 18/18 MP: 1/1
   428 | D:1      | Reached XP level 2. HP: 18/24 MP: 2/2
   860 | D:2      | Found a shimmering altar of Xom.
   861 | D:2      | Found a shimmering altar of Xom.
   862 | D:2      | Found a shimmering altar of Xom.
   875 | D:2      | Noticed Jessica
   947 | D:2      | Reached skill level 4 in Unarmed Combat
  1162 | D:2      | Reached XP level 3. HP: 27/29 MP: 3/3
  1627 | D:2      | Killed Jessica
  1758 | D:2      | Reached XP level 4. HP: 35/35 MP: 4/4
  2276 | D:2      | You fall through a shaft for 2 floors!
  2436 | D:2      | Reached skill level 5 in Unarmed Combat
  3454 | D:3      | HP: 1/35 [gnoll/spear (10)]
  3455 | D:3      | Slain by a gnoll

Skill      XL: |  1  2  3  4 |
---------------+-------------+-----
Unarmed Combat | 4 5 |  5.2
Fighting       | |  3.0
Dodging        | |  2.4
Stealth        | |  1.5

Action                   |  1- 3 |  4- 6 || total
-------------------------+-------+-------++-------
Melee: Unarmed           |   108 |    98 ||   206
       Punch             |     2 |     2 ||     4
  Use: Scroll            |       |     1 ||     1
 Stab: Sleeping          |     1 |     2 ||     3
Armor: Skin              |    16 |    12 ||    28
Dodge: Dodged            |    57 |    57 ||   114

Table legend:
 A = Turns spent in this place as a percentage of turns spent in the entire game.
 B = Non-inter-level travel turns spent in this place as a percentage of non-inter-level travel turns spent in the entire game.
 C = Inter-level travel turns spent in this place as a percentage of turns spent in this place.
 D = Turns resting spent in this place as a percentage of non-inter-level travel turns spent in this place.
 E = Turns spent auto-exploring this place as a percentage of non-inter-level travel turns spent in this place.
 F = Non-inter-level travel turns spent in this place divided by the number of levels of this place that you've seen.
                   A       B       C       D       E      F
               +-------+-------+-------+-------+-------+----------------------
         Total | 100.0 | 100.0 |   0.8 |   5.4 |   5.2 | 247.0
       Dungeon | 100.0 | 100.0 |   0.8 |   5.4 |   5.2 | 247.0
               +-------+-------+-------+-------+-------+----------------------

Table legend:
 A = Kills in this place as a percentage of kills in entire the game.
 B = Kills by you in this place as a percentage of kills by you in the entire game.
 C = Kills by friends in this place as a percentage of kills by friends in the entire game.
 D = Other kills in this place as a percentage of other kills in the entire game.
 E = Experience gained in this place as a percentage of experience gained in the entire game.
 F = Experience gained in this place divided by the number of levels of this place that you have seen.
                   A       B       C       D       E      F
               +-------+-------+-------+-------+-------+----------------------
         Total | 100.0 | 100.0 |  -nan |  -nan | 100.0 |  47.5
       Dungeon | 100.0 | 100.0 |  -nan |  -nan | 100.0 |  47.5
               +-------+-------+-------+-------+-------+----------------------
